 Dungeon Crawl Stone Soup version 0.18.1-48-g4cf74bf (webtiles) character file.

3804 kobby the Cleaver (level 9, -7/80 HPs)
             Began as a Minotaur Gladiator on July 2, 2016.
             Was a Believer of Okawaru.
             Mangled by a very large slime creature (37 damage)
             ... on level 8 of the Dungeon.
             The game lasted 00:36:51 (6838 turns).

kobby the Cleaver (Minotaur Gladiator)              Turns: 6838, Time: 00:36:52

Health: -7/80      AC: 17    Str: 22    XL:     9   Next: 96%
Magic:  0/11       EV:  9    Int:  5    God:    Okawaru [**....]
Gold:   369        SH:  0    Dex: 12    Spells: 0 memorised, 12 levels left

rFire  . . .     SeeInvis .     b - +1 battleaxe
rCold  . . .     Gourm    .     j - +2 plate armour
rNeg   + . .     Faith    .     (shield currently unavailable)
rPois  .         Spirit   +     c - +0 hat
rElec  .         Dismiss  .     o - +1 cloak
rCorr  .         Reflect  .     (no gloves)
SustAt .         Harm     .     (no boots)
MR     +....                    C - amulet of guardian spirit
Stlth  ..........               r - ring of positive energy
                                q - ring of protection from magic

@: about to teleport, somewhat resistant to hostile enchantments, extremely
unstealthy
A: retaliatory headbutt, horns 2
a: Heroism, Renounce Religion


You were on level 8 of the Dungeon.
You worshipped Okawaru.
Okawaru was pleased with you.
You were not hungry.

You visited 1 branch of the dungeon, and saw 8 of its levels.

You collected 369 gold pieces.

Inventory:

Hand Weapons
 a - a +0 war axe
 b - a +1 battleaxe (weapon)
Missiles
 d - 3 throwing nets (quivered)
Armour
 c - a +0 hat (worn)
 j - a +2 plate armour (worn)
 n - the cursed +1 robe "Zitzaklo" {rPois Int-5 Dex+8}
   (You found it on level 4 of the Dungeon)

   It affects your intelligence (-5).
   It affects your dexterity (+8).
   It protects you from poison.
   It has a curse placed upon it.
 o - a +1 cloak (worn)
Jewellery
 i - an uncursed ring of sustain attributes
 q - a ring of protection from magic (left hand)
 r - a ring of positive energy (right hand)
 v - an uncursed ring of flight
 C - an amulet of guardian spirit (around neck)
 E - an uncursed amulet of magic regeneration
Wands
 u - a wand of flame (22/48)
 A - a wand of enslavement (19/24)
 B - a wand of disintegration (5/24)
Scrolls
 h - a scroll of recharging
 m - 3 scrolls of remove curse
 p - a scroll of amnesia
 t - 3 scrolls of identify
 y - a scroll of enchant armour
Potions
 e - a potion of flight
 g - a potion of curing
 k - a potion of lignification
 s - a potion of invisibility {unknown}
 F - a potion of agility
 G - a potion of brilliance
Books
 x - Puuzofol's Compendium of Shifting Self-Improvement
   (You found it on level 6 of the Dungeon)

   Spells                             Type                      Level
   a - Ozocubu's Armour               Charms/Ice                   3
   b - Petrify                        Transmutation/Earth          4
   c - Deflect Missiles               Charms/Air                   6
Comestibles
 f - 9 bread rations
 l - 2 meat rations
 D - 7 beef jerkies


   Skills:
 + Level 7.7 Fighting
 * Level 10.6(10.7) Axes
   Level 1.9(7.0) Maces & Flails
 - Level 2.0 Throwing
 + Level 7.7 Armour
 + Level 5.9 Dodging
 + Level 0.3 Stealth
 * Level 4.3 Unarmed Combat
 - Level 2.0 Spellcasting
 + Level 0.6 Evocations


You had 12 spell levels left.
You didn't know any spells.

Dungeon Overview and Level Annotations

Branches:
Dungeon (8/15)             Temple (0/1) D:6
   Lair: D:8-11

Altars:
Okawaru
Pakellas
Zin

Shops:
D:7 =

Annotations:
D:3 Rationalist's ghost, amateur MiFi
D:5 Rationalist's ghost, novice MiFi


Innate Abilities, Weirdness & Mutations

You reflexively headbutt those who attack you in melee.
You have a pair of horns on your head.


Message History

You headbutt the very large slime creature!
You slash the very large slime creature!
You headbutt the very large slime creature!
The very large slime creature is lightly wounded.
You slash the large slime creature!
The large slime creature is lightly wounded.
The very large slime creature hits you!!!
Ouch! That really hurt!
The large slime creature hits you.
There is an open door here.
A large slime creature splits.
Two slime creatures merge to form a large slime creature.
You see here a kobold corpse.
There is an open door here.
Items here: ( )) ††† Read which item? (? for menu, Esc to quit)
As you read the scroll of teleportation, it crumbles to dust.
You feel strangely unstable.
The very large slime creature hits you!!!
You die...

........#.........+.....+...'....
........#....##...#.....#...#....
........#....##..##.....##'##....
........#....##..#....###..#####.
........#........+....#.....# #.
........#........#....#.....# #.
........#######..#....'.....# #.
...####.......#.)#....#.....# #.
...#..'.......##@#....####+## #.
...#..#........)(J.###### ...
...####............J....# ...
....)..............#....# .
.........)......(..#'########.. .
..............####....J.J...... #
..............#..#.(....J......
..............'..#.............
..............#..#............. #


You could see a very large slime creature and a large slime creature.

Vanquished Creatures
  Psyche (D:8)
  Prince Ribbit (D:8)
  A slime creature (D:8)
  A hungry ghost (D:8)
  An ice beast (D:6)
  3 sky beasts
  A black bear (D:6)
  2 phantoms
  An orc warrior (D:7)
  A centaur (D:7)
  An ogre (D:7)
  A big kobold (D:8)
  4 giant frogs
  2 wyvern zombies
  2 scorpions
  6 killer bees
  8 wights
  A giant frog zombie (D:6)
  3 crimson imps
  A gnoll shaman (D:6)
  3 orc priests
  5 hounds
  3 jellies
  A giant frog skeleton (D:5)
  2 iguanas
  3 orc wizards
  3 worker ants
  A hound skeleton (D:7)
  6 gnolls
  9 adders
  A worker ant zombie (D:8)
  An adder skeleton (D:4)
  2 worms (D:2)
  A dart slug (D:5)
  3 giant geckos
  16 orcs
  2 giant cockroaches (D:3)
  6 goblins
  4 hobgoblins
  12 kobolds
  A quokka (D:4)
  5 bats
  A giant gecko skeleton (D:7)
  6 giant newts
  A quokka skeleton (D:6)
  6 rats
146 creatures vanquished.

Notes
Turn   | Place    | Note
--------------------------------------------------------------
     0 | D:1      | kobby the Minotaur Gladiator began the quest for the Orb.
     0 | D:1      | Reached XP level 1. HP: 18/18 MP: 0/0
    94 | D:1      | Reached XP level 2. HP: 13/25 MP: 1/1
   278 | D:1      | Reached skill level 4 in Axes
   520 | D:2      | Reached XP level 3. HP: 26/31 MP: 2/2
  1071 | D:2      | Reached skill level 5 in Axes
  1178 | D:3      | Reached XP level 4. HP: 24/38 MP: 3/3
  1367 | D:3      | Reached skill level 1 in Armour
  1438 | D:3      | Reached XP level 5. HP: 34/45 MP: 4/4
  1714 | D:3      | Noticed Rationalist's ghost (amateur MiFi)
  1857 | D:3      | Found a glowing silver altar of Zin.
  2129 | D:4      | Noticed a phantom
  2173 | D:4      | Killed a phantom
  2173 | D:4      | Reached skill level 6 in Axes
  2173 | D:4      | Reached XP level 6. HP: 19/52 MP: 5/5
  2539 | D:4      | Got a fabulously ornate robe
  2540 | D:4      | Identified the cursed +1 robe "Zitzaklo" {rPois Int-5 Dex+8} (You found it on level 4 of the Dungeon)
  2613 | D:4      | Reached XP level 7. HP: 37/60 MP: 6/6
  2877 | D:4      | Reached skill level 7 in Axes
  2934 | D:5      | Entered Level 5 of the Dungeon
  3021 | D:5      | Reached skill level 5 in Fighting
  3127 | D:5      | Reached skill level 1 in Maces & Flails
  3183 | D:5      | Found an oddly glowing altar of Pakellas.
  3185 | D:5      | Noticed Rationalist's ghost (novice MiFi)
  3459 | D:6      | Identified Puuzofol's Compendium of Shifting Self-Improvement
  3603 | D:6      | Reached skill level 5 in Dodging
  3719 | D:6      | Reached skill level 5 in Armour
  3723 | D:6      | Reached XP level 8. HP: 47/70 MP: 7/7
  3754 | D:6      | Found a staircase to the Ecumenical Temple.
  4187 | D:6      | Reached skill level 1 in Unarmed Combat
  4312 | D:6      | Reached skill level 8 in Axes
  4779 | D:7      | Reached skill level 1 in Spellcasting
  5001 | D:7      | Found an iron altar of Okawaru.
  5057 | D:7      | Became a worshipper of Warmaster Okawaru
  5157 | D:7      | Reached XP level 9. HP: 43/78 MP: 5/9
  5159 | D:7      | Found Loupt's Jewellery Boutique.
  5684 | D:7      | Reached skill level 9 in Axes
  6317 | D:8      | Noticed Psyche
  6328 | D:8      | Killed Psyche
  6328 | D:8      | Reached * piety under Okawaru
  6544 | D:8      | Reached skill level 10 in Axes
  6635 | D:8      | Noticed Prince Ribbit
  6645 | D:8      | Killed Prince Ribbit
  6747 | D:8      | Reached ** piety under Okawaru
  6838 | D:8      | Mangled by a very large slime creature

Skill      XL: |  1  2  3  4  5  6  7  8  9 |
---------------+----------------------------+-----
Axes           | 4 5 6 7 8 10 | 10.6
Fighting       | 3 4 5 6 7 |  7.7
Armour         | 2 3 4 5 6 7 |  7.7
Dodging        | 4 5 |  5.9
Maces & Flails | 1 |  1.9
Unarmed Combat | 2 4 |  4.3
Spellcasting   | 1 2 |  2.0
Throwing       | |  2.0
Stealth        | |  0.3
Evocations     | |  0.6

Action                   |  1- 3 |  4- 6 |  7- 9 || total
-------------------------+-------+-------+-------++-------
Melee: War axe           |    69 |   112 |       ||   181
       Headbutt          |     9 |    18 |    55 ||    82
       Battleaxe         |       |       |   229 ||   229
       Dire flail        |       |       |    33 ||    33
Throw: Throwing net      |       |     3 |       ||     3
Evoke: Wand              |       |       |     8 ||     8
  Use: Potion            |     6 |     3 |     3 ||    12
       Scroll            |     2 |     7 |    12 ||    21
  Eat: Chunk             |     1 |       |     1 ||     2
       Bread ration      |       |     1 |     2 ||     3
       Fruit             |       |     3 |     4 ||     7
       Pizza             |       |     1 |     1 ||     2
       Royal jelly       |       |       |     1 ||     1
Armor: Leather armour    |    12 |     4 |       ||    16
       Scale mail        |       |    23 |    59 ||    82
       Plate armour      |       |       |    84 ||    84
Dodge: Dodged            |    46 |    54 |   177 ||   277
